 Dungeon Crawl Stone Soup version 0.29-a0-757-g358383bc75 (webtiles) character file.

Game seed: 17699870716826470548

1356 zeratav the Ruffian (level 8, 0/72 (79) HPs)
             Began as a Troll Fighter on July 1, 2022.
             Was an Initiate of Ru.
             Slain by a wight
             ... wielding a +0 trident
              (2 damage)
             ... on level 6 of the Dungeon.
             The game lasted 00:06:39 (4962 turns).

zeratav the Ruffian (Troll Fighter)                 Turns: 4962, Time: 00:06:40

HP:   0/72 (79)     AC:  8    Str: 27    XL:     8   Next: 37%
MP:   7/7           EV:  8    Int:  4    God:    Ru [......]
Gold: 335           SH:  8    Dex:  9    Spells: 7/7 levels left

rFire   . . .      SeeInvis .     - Unarmed
rCold   + . .      Faith    .   b - +0 kite shield
rNeg    . . .      Spirit   .   D - +2 robe of Eluwy {rC+}
rPois   +          Reflect  .   (helmet restricted)
rElec   .          Harm     .   r - +1 cloak {rPois}
rCorr   .          Rampage  .   (gloves unavailable)
Will    .....                   (boots unavailable)
Stlth   +.........              (no amulet)
HPRegen 1.02/turn               (no ring)
MPRegen 0.10/turn               (no ring)

@: drained
A: large, unfitting armour, claws 3, regeneration 1, shaggy fur 1, tough skin 1
a: Renounce Religion


You were on level 6 of the Dungeon.
You worshipped Ru.
Ru was noncommittal.
You visited 2 branches of the dungeon, and saw 7 of its levels.
You also visited: Ossuary.

You collected 335 gold pieces.


Innate Abilities, Weirdness & Mutations

You are too large for most types of armour.
You have claws for hands.
Your natural rate of healing is unusually fast.
You are covered in fur. (AC +1)
You have tough skin. (AC +1)


   Skills:
 + Level 4.8 Fighting
 + Level 4.3 Throwing
 - Level 2.4 Dodging
 + Level 5.3 Shields
 + Level 5.8 Unarmed Combat


You had 7 spell levels left.
You didn't know any spells.
Your spell library contained the following spells:

 Spells                   Type           Power      Damage    Failure   Level
 Magic Dart               Conj           0%         1d3       77%         1
 Call Imp                 Summ           0%         N/A       88%         2
 Mephitic Cloud           Conj/Pois/Air  0%         N/A       98%         3
 Passage of Golubria      Tloc           0%         N/A       100%        4
 Summon Lightning Spire   Summ/Air       0%         N/A       100%        4
 Freezing Cloud           Conj/Ice/Air   0%         6-21      100%        5
 Silence                  Hex/Air        0%         N/A       100%        5
 Summon Forest            Summ/Tloc      0%         N/A       100%        5
 Eringya's Noxious Bog    Tmut/Pois      0%         N/A       100%        6
 Simulacrum               Ice/Necr       0%         N/A       100%        6
 Storm Form               Tmut/Air       0%         N/A       100%        7
 Summon Hydra             Summ           0%         N/A       100%        7
 Lehudib's Crystal Spear  Conj/Erth      0%         10d2      100%        8
 Maxwell's Capacitive Co  Air            0%         ∞         100%        8
 Polar Vortex             Ice            0%         N/A       100%        9

Inventory:

Hand Weapons
 e - a +0 dagger {short}
   (You took it off a goblin on level 1 of the Dungeon)
 g - a +0 dagger {short}
   (You took it off a goblin on level 1 of the Dungeon)
Armour
 b - a +0 kite shield (worn)
 r - a +1 cloak of poison resistance (worn)
   (You took it off Crazy Yiuf on level 2 of the Dungeon)
 D - the +2 robe of Eluwy (worn) {rC+}
   (You found it on level 5 of the Dungeon)

   rC:        It protects you from cold.
Jewellery
 s - a ring of wizardry
   (You found it on level 6 of the Dungeon)
 w - a +6 ring of dexterity
   (You found it on level 3 of the Dungeon)
 z - a ring of positive energy
   (You found it on level 3 of the Dungeon)
Wands
 A - a wand of mindburst (14)
   (You found it on level 3 of the Dungeon)
Scrolls
 a - a scroll of blinking {unknown}
 d - a scroll of immolation {!r!r}
 f - 2 scrolls of vulnerability {!r!r}
 i - 6 scrolls of teleportation {@r4}
 j - a scroll of enchant weapon
 l - 2 scrolls of enchant armour {unknown}
 t - a scroll of identify {@r1}
 u - 2 scrolls of amnesia {unknown}
 v - 3 scrolls of fog {unknown}
 y - a scroll of magic mapping {unknown}
 B - a scroll of fear {unknown}
Potions
 c - 4 potions of might
 h - 3 potions of brilliance {unknown}
 k - 3 potions of lignification {unknown}
 o - a potion of attraction {unknown}
 p - 5 potions of curing {unknown}
 q - 4 potions of flight {unknown}
 x - a potion of magic {unknown}
 C - a potion of berserk rage {unknown}

Dungeon Overview and Level Annotations

Branches:
Dungeon (6/15) Zot: 24337  Temple (1/1) D:5 Zot: 5844 Ossuary (visited)

Altars:
Cheibriados
Elyvilon
Kikubaaqudgha
Nemelex Xobeh
Okawaru
Qazlal
Ru
Trog
Uskayaw
Wu Jian
Yredelemnul
Zin

##.#⌠[.#### #..#......#
#..#......##
#.##...#...#
#.#....#z..# #####
#.#...##z..## ....#
#.#.zz#.z...#
###.########.#.z†#.....#
.............#..@#.....#
#<#.####.....#...#..⌠..#
#.#.# #.###.#...#..)..#
###.# #.# #.#...#.....#
....# #.# #.#...#.....#
########.# #.#...##...##
.......[.# #.#....#
########## #.##...#
#........###..#...##


You could see 3 wights.


Message History

MASSIVE DAMAGE!! (PAUSE)
You scratch the wight. The iguana bites you. You block the wight's attack.
The wight hits you but does no damage.
HP[-5]
You take 5 damage, and now have 58/77 hp.
You scratch the wight but do no damage.
The iguana bites you but does no damage.
You block the wight's attack.
The wight hits you from afar with a +0 trident.
You feel drained. The wight closely misses you.
HP[-5]
You now have 76 max hp (-1).
You take 5 damage, and now have 53/76 hp.
You scratch the wight but do no damage. The iguana bites you.
The wight hits you with a +4 falchion of freezing!
You feel drained. The wight freezes you. You block the wight's attack.
The wight hits you with a +0 halberd.
* * * LOW HITPOINT WARNING * * *
You are too injured to fight recklessly!
HP[-17]
You now have 74 max hp (-2).
You take 17 damage, and now have 36/74 hp.
MASSIVE DAMAGE!! (PAUSE)
You are too injured to fight recklessly!
You are too injured to fight recklessly!
You are too injured to fight recklessly!
You are too injured to fight recklessly!
You are too injured to fight recklessly!
You are too injured to fight recklessly!
You are too injured to fight recklessly!
You are too injured to fight recklessly!
You are too injured to fight recklessly!
You are too injured to fight recklessly!
You are too injured to fight recklessly!
You are too injured to fight recklessly!
You are too injured to fight recklessly!
You are too injured to fight recklessly!
You are too injured to fight recklessly!
You block the wight's attack.
HP[+1]
The wight attacks as you move away! The wight completely misses you.
The wight hits you from afar with a +0 halberd.
* * * LOW HITPOINT WARNING * * *
HP[-3]
You take 3 damage, and now have 34/74 hp.
The iguana attacks as you move away! The iguana bites you.
* * * LOW HITPOINT WARNING * * *
HP[-5]
You take 5 damage, and now have 29/74 hp.
HP[+1]
The iguana attacks as you move away! The iguana bites you.
* * * LOW HITPOINT WARNING * * *
HP[-1]
You take 1 damage, and now have 29/74 hp.
HP[+1] HP[+1]
The iguana attacks as you move away! The iguana bites you!
* * * LOW HITPOINT WARNING * * *
HP[-7]
You take 7 damage, and now have 24/74 hp.
The iguana attacks as you move away! The iguana closely misses you.
HP[+1] HP[+1]
You claw the iguana! The iguana barely misses you.
HP[+1]
You mangle the iguana!!
You kill the iguana!
The wight hits you with a +4 falchion of freezing.
* * * LOW HITPOINT WARNING * * *
You block the wight's attack.
HP[-1]
You now have 75 max hp (+1).
You scratch the wight. The wight barely misses you.
You block the wight's attack. x2
HP[+1]
You barely miss the wight. The wight closely misses you.
The wight hits you from afar with a +0 trident!
* * * LOW HITPOINT WARNING * * *
The wight hits you but does no damage.
HP[-7]
You take 7 damage, and now have 20/75 hp.
You claw the wight!
The wight hits you with a +4 falchion of freezing!
* * * LOW HITPOINT WARNING * * *
You feel drained.
* * * LOW HITPOINT WARNING * * *
The wight freezes you.
* * * LOW HITPOINT WARNING * * *
The wight completely misses you.
The wight hits you from afar with a +0 halberd.
* * * LOW HITPOINT WARNING * * *
You feel drained.
* * * LOW HITPOINT WARNING * * *
HP[-19]
You now have 72 max hp (-3).
You take 19 damage, and now have 1/72 hp.
MASSIVE DAMAGE!! (PAUSE)
You completely miss the wight. You block the wight's attack.
The wight hits you from afar with a +0 trident.
You die...

Skill      XL: |  1  2  3  4  5  6  7  8 |
---------------+-------------------------+-----
Unarmed Combat | 3 4 5 |  5.8
Shields        | 3 4 5 |  5.3
Throwing       | 1 2 3 4 |  4.3
Fighting       | 3 4 |  4.8
Dodging        | |  2.4

Action                   |  1- 3 |  4- 6 |  7- 9 || total
-------------------------+-------+-------+-------++-------
Melee: Unarmed           |    79 |   127 |   220 ||   426
  Use: Scroll            |       |       |     6 ||     6
Armor: Robe              |    25 |    55 |    62 ||   142
Dodge: Dodged            |    20 |    34 |    55 ||   109
Block: Kite shield       |    20 |    30 |    80 ||   130

Levels and vault maps discovered:
D:1:      sevenhm_arrival_forest_fort_small_6, layout_basic,
          dreamdust_princess_corridor
D:2:      wander_river, layout_basic, uniq_crazy_yiuf_cottage
D:3:      layout_basic, basic_ecumenical_altar
D:4:      layout_basic, nicolae_ossuary_entry_monument
D:5:      layout_basic, minmay_temple_entry_glass, hex_medium,
          kennysheep_generic_room_13
D:6:      kennysheep_spiral_hall, layout_basic, nemelex_spade_bored_becter
Temple:   minmay_crystal_spiral_temple

Notes
Turn   | Place    | Note
-------+----------+-------------------------------------------
     0 | D:1      | zeratav the Troll Fighter began the quest for the Orb.
     0 | D:1      | Reached XP level 1. HP: 22/22 MP: 0/0
     0 | D:1      | magus.rc [v1.9.6]
   124 | D:1      | Reached XP level 2. HP: 29/29 MP: 1/1
   294 | D:1      | Reached skill level 3 in Unarmed Combat
   613 | D:1      | Found an ancient bone altar of Kikubaaqudgha.
   965 | D:2      | HP: 7/29 [poisoned by an adder]
   966 | D:2      | Reached XP level 3. HP: 9/36 MP: 2/2
   970 | D:2      | HP: 8/36 [poisoned by an adder]
  1132 | D:2      | Reached skill level 3 in Shields
  1142 | D:2      | Reached skill level 1 in Throwing
  1147 | D:2      | Reached XP level 4. HP: 39/44 MP: 3/3
  1476 | D:2      | Found a runed translucent door.
  1477 | D:2      | Noticed Crazy Yiuf
  1567 | D:2      | Killed Crazy Yiuf
  1649 | D:3      | You fall into a shaft and drop 3 floors!
  1661 | D:6      | You pick up a book of the Moon and begin reading...
  1661 | D:6      | You add the spells Passage of Golubria, Silence and
                  | Lehudib's Crystal Spear to your library.
  1687 | D:6      | Reached skill level 3 in Fighting
  1687 | D:6      | Reached XP level 5. HP: 53/53 MP: 4/4
  1704 | D:5      | Entered Level 5 of the Dungeon
  1768 | D:5      | Reached skill level 2 in Throwing
  1795 | D:5      | HP: 13/53 [hound (2)]
  1796 | D:5      | Reached skill level 4 in Unarmed Combat
  1823 | D:5      | Reached XP level 6. HP: 33/61 MP: 5/5
  1958 | D:4      | Reached skill level 4 in Shields
  1979 | D:4      | HP: 15/62 [something (2)]
  1981 | D:4      | Reached XP level 7. HP: 17/68 MP: 6/6
  1987 | D:4      | Reached skill level 3 in Throwing
  2062 | D:4      | Found a sand-covered staircase.
  2071 | Ossuary  | Entered an ossuary
  2317 | D:3      | You pick up a book of Ice and begin reading...
  2317 | D:3      | You add the spells Freezing Cloud, Simulacrum and Polar
                  | Vortex to your library.
  2629 | D:3      | Reached skill level 4 in Fighting
  2673 | D:3      | Found a faded altar of an unknown god.
  3240 | D:4      | You add the spells Summon Forest, Eringya's Noxious Bog and
                  | Summon Hydra to your library.
  3285 | D:4      | Reached skill level 5 in Unarmed Combat
  3307 | D:4      | You pick up a book of Minor Magic and begin reading...
  3307 | D:4      | You add the spells Magic Dart, Call Imp and Mephitic Cloud
                  | to your library.
  3706 | D:5      | Identified the +2 robe of Eluwy {rC+}
  3831 | D:5      | You pick up a book of the Sky and begin reading...
  3831 | D:5      | You add the spells Summon Lightning Spire, Storm Form and
                  | Maxwell's Capacitive Coupling to your library.
  3876 | D:5      | Reached XP level 8. HP: 79/79 MP: 7/7
  3901 | D:5      | Reached skill level 5 in Shields
  4140 | D:5      | Found a staircase to the Ecumenical Temple.
  4155 | Temple   | Entered the Ecumenical Temple
  4228 | Temple   | Became a worshipper of Ru the Awakened
  4458 | D:6      | Reached skill level 4 in Throwing
  4807 | D:6      | Found a sparkling altar of Nemelex Xobeh.
  4961 | D:6      | HP: 12/75 [wight/+4 falchion of freezing (9)]
  4961 | D:6      | HP: 3/73 [wight/+0 halberd (5)]
  4961 | D:6      | HP: 1/72 [wight/+0 halberd (2)]
  4962 | D:6      | Slain by a wight

Vanquished Creatures
  2 water moccasins
  A necrophage (D:4)
  A kobold brigand (D:6)
  4 scorpions
  2 howler monkeys
  2 jellies (D:5)
  A hound (D:5)
  Crazy Yiuf (D:2)
  2 orc priests
  7 iguanas
  3 orc wizards
  3 mummies (Ossuary)
  3 gnolls (D:3)
  9 adders
  2 adder zombies (Ossuary)
  2 dart slugs
  13 orcs
  8 ball pythons
  10 endoplasms
  9 goblins
  7 hobgoblins
  7 jackals
  10 kobolds
  6 quokkas
  3 bats
  4 frilled lizards
  5 goblin zombies (Ossuary)
  3 hobgoblin zombies (Ossuary)
  3 kobold zombies (Ossuary)
  An orc zombie (Ossuary)
  3 quokka zombies (Ossuary)
  6 rats
  A rat zombie (Ossuary)
144 creatures vanquished.

Table legend:
 A = Non-vault XP
 B = Vault XP
 C = Vault XP percentage of total XP
 D = Non-vault monster count
 E = Vault monster count
 F = Vault count percentage of total count
                 A         B        C        D         E       F
            +---------+---------+-------+---------+---------+-------
      Total |    1616 |     322 |  16.6 |     119 |      25 |  17.4
            +---------+---------+-------+---------+---------+-------
        D:1 |      36 |       0 |   0.0 |      19 |       0 |   0.0
        D:2 |      84 |      41 |  32.8 |      24 |       1 |   4.0
        D:3 |     149 |       0 |   0.0 |      17 |       0 |   0.0
        D:4 |     499 |       0 |   0.0 |      24 |       0 |   0.0
        D:5 |     591 |      39 |   6.2 |      23 |       1 |   4.2
        D:6 |     257 |     161 |  38.5 |      12 |       2 |  14.3
    Ossuary |       0 |      81 | 100.0 |       0 |      21 | 100.0
            +---------+---------+-------+---------+---------+-------

Illustrated notes

Table legend:
 A = Kills in this place as a percentage of kills in entire the game.
 B = Kills by you in this place as a percentage of kills by you in the entire game.
 C = Kills by friends in this place as a percentage of kills by friends in the entire game.
 D = Other kills in this place as a percentage of other kills in the entire game.
 E = Experience gained in this place as a percentage of experience gained in the entire game.
 F = Experience gained in this place divided by the number of levels of this place that you have seen.
                   A       B       C       D       E      F
               +-------+-------+-------+-------+-------+----------------------
         Total | 100.0 | 100.0 |   N/A |   N/A | 100.0 | 242.2
       Dungeon |  85.4 |  85.4 |   N/A |   N/A |  95.8 | 309.5
       Ossuary |  14.6 |  14.6 |   N/A |   N/A |   4.2 |  81.0
               +-------+-------+-------+-------+-------+----------------------

Table legend: (Time is in decaauts)
 A = Elapsed time spent in this place.
 B = Non-inter-level travel time spent in this place.
 C = Inter-level travel time spent in this place.
 D = Time resting spent in this place.
 E = Time spent auto-exploring this place.
 F = Levels seen in this place.
 G = Mean time per level.
                   A        B        C        D        E       F      G
               +--------+--------+--------+--------+--------+-----+--------+
         Total |   5004 |   4667 |    337 |     87 |   3647 |   8 |  625.5 |
       Dungeon |   4641 |   4370 |    271 |     45 |   3497 |   6 |  773.5 |
        Temple |    155 |     90 |     65 |      0 |     79 |   1 |  155.0 |
       Ossuary |    207 |    207 |      0 |     42 |     71 |   1 |  207.0 |
               +--------+--------+--------+--------+--------+-----+--------+

Top non-repeatable levels by time:
     D:3: 927 daAuts
     D:2: 919 daAuts
     D:5: 831 daAuts
     D:1: 740 daAuts
     D:6: 612 daAuts
     D:4: 610 daAuts
 Ossuary: 207 daAuts
  Temple: 155 daAuts
